Map: Romanticide LE

Players

Bunny

  • Race: Terran Terran
  • League: Bronze

TIME (Oliveira) - Winner!

  • Race: Terran Terran

Event: DreamHack SC2 Masters 2021 Fall

VOD

Have the link to the VOD?

Description

Time

  • Played on: Sept. 11, 2021, 9:16 a.m.
  • Length: 11:43

All games in this series

Show
View Real Time Build Order
Export as new Build Order

Bunny Terran 

Build Orders:  

Get SALT Encoding   

  12  0:00  SCV  
  13  0:12  SCV  
  14  0:17  Supply Depot  
  14  0:24  SCV  
  15  0:39  SCV  
  15  0:40  Barracks  
  15  0:42  Refinery  
  16  0:51  SCV  
  16  0:52  Refinery  
  17  1:03  SCV  
  18  1:15  SCV  
  19  1:27  Reaper, Supply Depot, Orbital Command  
  20  1:41  Factory  
  20  1:52  SCV  
  21  1:59  Reaper  
  22  2:04  SCV  
  23  2:16  SCV  
  23  2:21  Command Center  
  24  2:26  Hellion  
  24  2:28  SCV  
  27  2:31  Barracks Reactor  
  27  2:39  Starport  
  27  2:41  SCV  
  28  2:49  Supply Depot  
  28  2:50  Factory Tech Lab  
  28  2:55  SCV  
  28  3:08  SCV  
  28  3:12  Marine x2  
  29  3:17  Factory Tech Lab  
  31  3:20  SCV  
  31  3:23  Raven  
  34  3:30  Marine x2  
  34  3:32  SCV  
  34  3:33  Orbital Command  
  37  3:35  Refinery  
  37  3:44  SCV  
  37  3:46  Siege Tank  
  37  3:48  Marine x2  
  43  3:56  SCV  
  43  3:59  SCV  
  45  4:08  SCV  
  46  4:11  SCV  
  46  4:12  Supply Depot  
  46  4:15  Raven  
  49  4:20  Command Center  
  49  4:22  SCV  
  50  4:24  SCV  
  50  4:30  Marine x2  
  53  4:34  Siege Tank  
  53  4:35  SCV  
  53  4:37  SCV  
  58  4:40  Supply Depot  
  58  4:43  Refinery  
  58  4:47  SCV  
  58  4:49  SCV  
  60  4:55  Supply Depot  
  60  4:59  SCV  
  61  5:01  SCV  
  61  5:06  Siege Tank  
  65  5:08  Viking x2  
  65  5:09  Marine  
  70  5:16  SCV x2  
  70  5:18  Supply Depot  
  72  5:22  Supply Depot  
  72  5:28  SCV x2  
  72  5:29  Marine  
  72  5:33  Orbital Command  
  75  5:39  Siege Tank  
  75  5:42  Viking  
  80  5:46  Viking  
  80  5:48  SCV  
  80  5:49  SCV  
  80  5:50  Marine  
  80  5:54  Stimpack  
  81  5:59  SCV  
  81  6:00  SCV  
  81  6:02  SCV  
  84  6:09  Barracks  
  84  6:11  Barracks  
  84  6:12  Viking  
  84  6:16  Viking  
  88  6:19  Siege Tank  
  88  6:20  Marine  
  88  6:21  SCV  
  88  6:22  SCV  
  88  6:24  SCV  
  95  6:32  Engineering Bay  
  95  6:33  Engineering Bay  
  95  6:38  Marine  
  94  6:40  SCV x3  
  97  6:52  Viking, Barracks  
  97  6:53  Viking, Barracks  
  101  6:55  Siege Tank  
  101  6:57  Barracks Reactor  
  101  6:58  Barracks Reactor  
  101  7:00  SCV x2  
  106  7:01  SCV  
  106  7:02  Marine  
  106  7:05  Supply Depot  
  108  7:09  Terran Infantry Weapons Level 1  
  108  7:11  Terran Infantry Armor Level 1  
  108  7:14  SCV  
  109  7:18  Supply Depot  
  109  7:19  Supply Depot  
  109  7:27  Refinery, SCV x2  
  109  7:28  Refinery  
  111  7:30  Medivac  
  111  7:31  Marine, Medivac  
  111  7:33  SCV  
  117  7:37  Combat Shield  
  117  7:38  Supply Depot  
  117  7:40  Marine x4, SCV x2  
  123  7:45  SCV  
  124  7:51  Command Center  
  124  7:52  SCV x2  
  124  7:56  Barracks Reactor x2, Supply Depot  
  124  7:57  Sensor Tower  
  126  7:59  Siege Tank  
  126  8:01  Marine x4  
  126  8:02  Marine  
  134  8:07  Supply Depot  
  134  8:09  Medivac x2  
  134  8:11  SCV x3  
  141  8:20  Supply Depot, Armory  
  141  8:21  Marine x3  
  141  8:22  Marine x2  
  141  8:26  SCV x3  
  149  8:31  Supply Depot  
  149  8:33  Factory  
  149  8:35  Siege Tank  
  152  8:41  Viking  
  152  8:42  Viking  
  152  8:44  Marine  
  152  8:45  Marine x5, Supply Depot  
  152  8:46  Marine  
  152  8:47  Marine  
  164  8:49  Marine  
  165  9:02  Marine  
  164  9:03  Marine x5  
  164  9:04  Marine, Supply Depot  
  164  9:05  Marine  
  164  9:06  Supply Depot  
  164  9:07  Siege Tank  
  175  9:10  SCV x3  
  175  9:12  Terran Infantry Armor Level 2, Terran Infantry Weapons Level 2  
  177  9:17  Factory Tech Lab  
  177  9:20  Sensor Tower  
  177  9:23  Marine  
  177  9:24  Marine x7  
  178  9:29  SCV  
  178  9:30  SCV x2  
  188  9:34  Terran Vehicle Weapons Level 1  
  188  9:36  Siege Tank  
  190  9:39  Siege Tank  
  190  9:40  Marine  
  190  9:41  Marine  
  190  9:42  Marine x3  
  150  9:53  Marine x4  
  150  9:59  Liberator  
  121  10:03  Marine x5  
  118  10:11  Marine x4  
  118  10:12  Barracks x2, Siege Tank  
  118  10:13  Siege Tank  
  126  10:14  Barracks  
  126  10:20  Marine  
  126  10:21  Marine x3  
  127  10:25  Viking  
  132  10:29  Marine  
  132  10:30  Marine x4  
  137  10:44  Marine x4, Siege Tank  
  137  10:45  Siege Tank  
  137  10:47  Marine  
  137  10:48  Marine  
  149  10:54  Medivac  
  120  10:57  Marine x3  
  120  11:01  Marine  
  120  11:03  Marine x3  
  121  11:05  Marine x2  
  121  11:09  Marine x2  
  121  11:10  Marine  
  126  11:15  Marine x2  
  126  11:17  Marine  
  115  11:19  Marine, Factory Tech Lab  
  115  11:20  Marine  
  115  11:21  Marine x2  
  115  11:23  Marine x2  
Show
View Real Time Build Order
Export as new Build Order

TIME Terran - Winner!

Build Orders: Reaper Expand 

Get SALT Encoding   

  12  0:00  SCV  
  13  0:12  SCV  
  14  0:17  Supply Depot  
  14  0:24  SCV  
  15  0:39  SCV  
  15  0:40  Barracks  
  16  0:44  Refinery  
  16  0:51  SCV  
  17  1:03  SCV  
  18  1:15  SCV  
  19  1:27  Reaper  
  19  1:28  Orbital Command  
  20  1:42  Command Center  
  20  1:51  Supply Depot  
  20  1:54  SCV  
  20  1:59  Marine  
  22  2:06  SCV  
  23  2:09  Factory  
  23  2:18  Marine, Bunker  
  23  2:21  SCV  
  25  2:26  Refinery  
  25  2:33  SCV  
  25  2:36  Barracks Reactor  
  26  2:47  SCV  
  27  2:53  Factory Tech Lab  
  28  3:05  SCV  
  29  3:08  Orbital Command  
  29  3:11  Cyclone  
  31  3:13  Marine x2  
  31  3:17  SCV  
  34  3:27  Command Center  
  34  3:29  SCV  
  34  3:34  SCV  
  36  3:39  Starport  
  36  3:41  SCV  
  36  3:44  Refinery  
  36  3:48  SCV  
  38  3:51  Marine x2  
  38  3:53  Factory Tech Lab  
  38  3:54  SCV  
  41  4:00  Supply Depot, SCV  
  42  4:06  SCV  
  43  4:11  Marine x2  
  43  4:12  SCV  
  46  4:20  Supply Depot  
  46  4:21  SCV, Siege Tank, Raven  
  52  4:24  SCV  
  52  4:26  Refinery  
  53  4:31  Marine  
  54  4:38  Marine  
  54  4:39  SCV x2  
  54  4:40  Orbital Command  
  57  4:49  Marine  
  57  4:51  SCV x2  
  60  4:54  Siege Tank  
  60  4:56  Marine  
  60  4:57  Supply Depot  
  64  5:03  SCV  
  64  5:04  Raven, SCV  
  68  5:07  Marine  
  68  5:11  Barracks  
  68  5:13  Barracks  
  69  5:14  Marine  
  69  5:15  SCV  
  69  5:17  SCV x2  
  69  5:20  Supply Depot  
  73  5:25  Orbital Command  
  73  5:27  SCV  
  77  5:28  Siege Tank  
  77  5:29  SCV  
  78  5:38  Engineering Bay x2  
  78  5:40  SCV  
  79  5:44  SCV  
  80  5:52  SCV x2  
  82  5:57  Marine  
  82  5:58  Stimpack  
  82  6:01  Viking x2  
  82  6:02  Siege Tank  
  82  6:03  SCV  
  90  6:07  Supply Depot  
  90  6:16  Terran Infantry Armor Level 1, Barracks Reactor x2, Terran Infantry Weapons Level 1  
  90  6:17  SCV x2  
  90  6:19  SCV  
  90  6:21  Supply Depot  
  90  6:24  Supply Depot  
  90  6:25  Marine  
  92  6:29  SCV  
  92  6:32  Viking  
  94  6:33  Viking  
  94  6:35  SCV  
  94  6:39  Siege Tank  
  99  6:40  SCV  
  99  6:41  SCV  
  99  6:42  Marine  
  99  6:45  Supply Depot  
  102  6:47  SCV  
  102  6:52  Supply Depot  
  102  6:53  Marine x3  
  106  6:55  SCV  
  105  7:02  SCV  
  105  7:03  SCV, Barracks x2  
  105  7:05  Viking x2  
  105  7:07  Marine x2  
  112  7:08  SCV  
  112  7:09  Supply Depot  
  112  7:12  Refinery  
  112  7:13  Refinery  
  112  7:16  SCV x2  
  112  7:18  Marine, Sensor Tower, Supply Depot  
  112  7:21  Siege Tank  
  112  7:22  SCV  
  119  7:26  Armory  
  119  7:28  SCV x2  
  121  7:31  Marine x2  
  121  7:34  Marine, SCV  
  125  7:37  Combat Shield  
  125  7:40  SCV  
  125  7:43  SCV  
  127  7:45  Marine x2  
  127  7:50  Command Center  
  129  7:53  Barracks Reactor x2, Missile Turret  
  129  7:54  SCV  
  129  7:55  Marine x2, Siege Tank  
  136  7:58  SCV x2  
  136  8:02  Medivac x2  
  141  8:06  Supply Depot  
  141  8:09  Supply Depot  
  141  8:12  Supply Depot  
  141  8:17  Marine x3, SCV x2, Supply Depot  
  141  8:18  Terran Infantry Weapons Level 2  
  146  8:22  Terran Infantry Armor Level 2  
  146  8:23  Marine  
  146  8:25  SCV  
  148  8:30  SCV x2  
  148  8:31  Marine x2  
  148  8:32  Missile Turret  
  152  8:36  Siege Tank  
  152  8:37  SCV  
  152  8:38  Marine x2  
  158  8:43  Marine  
  158  8:45  Marine x3  
  163  8:49  Marine, Medivac x2  
  163  8:53  Marine  
  169  8:56  Terran Vehicle Weapons Level 1  
  169  8:58  Marine x2  
  169  9:02  Marine  
  170  9:03  Marine  
  170  9:04  Factory  
  172  9:10  Planetary Fortress  
  172  9:11  Barracks Reactor  
  172  9:14  Marine x2, Refinery x2  
  172  9:15  Command Center  
  174  9:19  Sensor Tower  
  174  9:22  Marine  
  174  9:24  Marine x2  
  172  9:27  Marine  
  172  9:30  Marine  
  172  9:31  Marine  
  176  9:32  Marine  
  176  9:35  Marine, Siege Tank  
  181  9:39  Viking x2  
  181  9:40  Marine, SCV x3  
  181  9:43  Marine  
  181  9:45  Starport  
  189  9:46  Starport  
  189  9:52  Marine x3  
  155  9:55  Marine  
  155  9:56  Marine  
  155  9:58  Marine x3  
  155  9:59  Marine  
  141  10:01  Marine  
  141  10:04  Siege Tank  
  141  10:07  SCV  
  137  10:10  Marine x3, Siege Tank  
  137  10:13  Marine x2  
  145  10:15  Marine  
  145  10:19  Viking x2  
  145  10:20  Marine x2  
  152  10:22  Starport Reactor, Starport Tech Lab  
  152  10:25  Marine x2  
  152  10:27  Marine  
  152  10:28  Marine x2  
  157  10:32  Marine x2  
  157  10:34  Marine  
  160  10:38  Marine  
  161  10:45  Marine  
  162  10:52  Marine  
  162  10:53  Marine x2  
  162  10:54  Marine x3  
  162  10:55  Marine x2  
  157  11:02  Marine  
  157  11:04  Marine  
  155  11:07  Siege Tank  
  155  11:10  Marine x2  
  155  11:11  Marine  
  164  11:12  Marine  
  164  11:14  Marine  
  164  11:15  Marine x2  
  164  11:16  Marine  
  167  11:20  Marine  
  167  11:25  Marine  

Tags
 
Add a new tag
Caveats
  • Supply blocks, unpowered buildings, or Contaminate may cause inaccurate times.
  • Supply counts are checked every 10 seconds.